 Dungeon Crawl Stone Soup version 0.21.1-1-g345015f (webtiles) character file.

125457 Golfball the Severer (level 16, 0/135 HPs)
             Began as a Naga Fighter on May 7, 2018.
             Was the Champion of Cheibriados.
             Slain by a merfolk impaler
             ... wielding a +1 trident of piercing
              (23 damage)
             ... on level 3 of the Shoals on May 8, 2018.
             The game lasted 02:40:40 (25474 turns).

Golfball the Severer (Naga Fighter)                Turns: 25474, Time: 02:40:41

Health: 0/135      AC: 26    Str: 42    XL:     16   Next: 95%
Magic:  27/27      EV: 15    Int: 27    God:    Cheibriados [******]
Gold:   794        SH: 14    Dex: 27    Spells: 17/35 levels left

rFire    . . .     SeeInvis +   a - +3 broad axe (chop)
rCold    . . .     Gourm    .   c - +0 shield
rNeg     . . .     Faith    +   J - +2 robe of Vines {NoPotionHeal Regen+7}
rPois    +         Spirit   .   Z - +2 helmet {Int+3}
rElec    .         Reflect  .   D - +1 cloak
rCorr    .         Harm     .   Y - +2 pair of gloves
MR       ++...                  C - +4 naga barding {Stlth+}
Stlth    +++++.....             g - amulet of faith
HPRegen  3.12/turn              r - +3 ring of strength
MPRegen  0.20/turn              H - +3 ring of evasion

@: drained, very slow
A: large, see invisible, deformed body, frail 1, low mp 1, poison resistance,
slowness 2, slow metabolism 1, spit poison 1, constrict 1, AC +5
a: Spit Poison, Bend Time, Temporal Distortion, Slouch, Step From Time, Renounce
Religion


You were on level 3 of the Shoals.
You worshipped Cheibriados.
Cheibriados was exalted by your worship.
You were not hungry.

You visited 5 branches of the dungeon, and saw 27 of its levels.
You also visited: Labyrinth and Volcano.

You collected 2589 gold pieces.
You spent 1795 gold pieces at shops.

Inventory:

Hand Weapons
 a - a +3 broad axe of chopping (weapon)
 b - a +7 fustibalus of flaming
 s - the +3 hand axe "Zobionni" {freeze, Int+5}
   (You found it on level 1 of the Snake Pit)

   It has been specially enchanted to freeze those struck by it, causing extra
   injury to most foes and up to half again as much damage against particularly
   susceptible opponents.
   It can also slow down cold-blooded creatures.
   It affects your intelligence (+5).
 F - a +4 morningstar of freezing
Missiles
 j - 540 stones (quivered)
 I - 14 javelins
Armour
 c - a +0 shield (worn)
 C - a +4 naga barding of stealth (worn)
 D - a +1 cloak (worn)
 J - the +2 robe of Vines (worn) {NoPotionHeal Regen+7}
   (You found it on level 8 of the Dungeon)

   It increases your rate of regeneration.
 Y - a +2 pair of gloves (worn)
 Z - a +2 helmet of intelligence (worn)
Jewellery
 g - an amulet of faith (around neck)
 r - a +3 ring of strength (left hand)
 H - a +3 ring of evasion (right hand)
 N - an uncursed ring of protection from cold
Wands
 p - a wand of scattershot (9)
 q - a wand of flame (91)
 x - a wand of disintegration (49)
 z - a wand of acid (29)
 O - a wand of iceblast (17)
 Q - a wand of enslavement (15)
 T - a wand of polymorph (22)
 V - a wand of paralysis (19)
 W - a wand of digging (10)
Scrolls
 l - 9 scrolls of teleportation
 n - a scroll of identify
 o - 5 scrolls of remove curse
 v - a scroll of fog
 y - 2 scrolls of amnesia
 A - a scroll of blinking
 K - a scroll of silence
Potions
 d - 4 potions of might
 e - 2 potions of mutation
 h - 5 potions of brilliance
 k - a potion of flight
 m - a potion of invisibility
 t - a potion of agility
 u - 3 potions of resistance
 w - 3 potions of lignification
 E - 6 potions of curing
 G - 4 potions of ambrosia
 L - 2 potions of cancellation
 M - 2 potions of magic
 U - 3 potions of heal wounds
Books
 i - a Young Poisoner's Handbook

   Spells                             Type                      Level
   a - Sting                          Conjuration/Poison           1
   b - Poisonous Vapours              Poison/Air                   2
   c - Mephitic Cloud                 Conjuration/Poison/Air       3
   d - Olgreb's Toxic Radiance        Poison                       4
   e - Venom Bolt                     Conjuration/Poison           5
 B - a book of Minor Magic

   Spells                             Type                      Level
   a - Magic Dart                     Conjuration                  1
   b - Blink                          Translocation                2
   c - Call Imp                       Summoning                    2
   d - Slow                           Hexes                        2
   e - Conjure Flame                  Conjuration/Fire             3
   f - Mephitic Cloud                 Conjuration/Poison/Air       3
 P - a book of the Tempests

   Spells                             Type                      Level
   a - Static Discharge               Conjuration/Air              3
   b - Lightning Bolt                 Conjuration/Air              5
   c - Ignition                       Fire                         8
   d - Tornado                        Air                          9
   e - Shatter                        Earth                        9
 R - a book of Conjurations

   Spells                             Type                      Level
   a - Magic Dart                     Conjuration                  1
   b - Searing Ray                    Conjuration                  2
   c - Dazzling Spray                 Conjuration/Hexes            3
   d - Fulminant Prism                Conjuration/Hexes            4
   e - Force Lance                    Conjuration/Translocation    4
   f - Iskenderun's Mystic Blast      Conjuration                  4
 X - a book of the Warp

   Spells                             Type                      Level
   a - Gell's Gravitas                Translocation                3
   b - Portal Projectile              Hexes/Translocation          3
   c - Force Lance                    Conjuration/Translocation    4
   d - Dispersal                      Translocation                6
   e - Controlled Blink               Translocation                8
   f - Disjunction                    Translocation                8
Miscellaneous
 S - a phantom mirror
Comestibles
 f - 39 rations


   Skills:
 - Level 11.0(10.5) Fighting
 - Level 16.0(15.5) Axes
 - Level 6.0(5.6) Slings
 - Level 6.0(5.5) Armour
 - Level 6.3(5.9) Dodging
 - Level 10.0(9.5) Stealth
 + Level 6.8(6.4) Shields
 - Level 10.0(9.5) Spellcasting
 - Level 4.0(3.6) Conjurations
 - Level 8.0(7.5) Translocations
 - Level 4.1(3.7) Air Magic
 - Level 4.0(3.6) Poison Magic
 - Level 7.1(6.7) Invocations
 - Level 6.0(5.6) Evocations


You had 17 spell levels left.
You knew the following spells:

 Your Spells              Type           Power        Failure   Level  Hunger
a - Magic Dart            Conj           ####         1%          1    None
b - Blink                 Tloc           N/A          1%          2    None
c - Mephitic Cloud        Conj/Pois/Air  ####....     5%          3    None
d - Sting                 Conj/Pois      ####         1%          1    None
e - Static Discharge      Conj/Air       ####....     4%          3    None
f - Controlled Blink      Tloc           N/A          100%        8    #######


Dungeon Overview and Level Annotations

Branches:
Dungeon (13/15)            Temple (0/1) D:5            Lair (6/6) D:8
 Shoals (3/4) Lair:2        Snake (3/4) Lair:4        Slime (0/5) Lair:5
    Orc (2/2) D:11            Elf (0/3) Orc:2        Vaults (0/5) D:13

Altars:
Ashenzari
Cheibriados
Dithmenos
Fedhas
Kikubaaqudgha
Makhleb
Nemelex Xobeh
Okawaru
Qazlal
Ru
Trog
Uskayaw
The Shining One
Beogh

Shops:
Orc:2 =[(*   Shoals:2 (   Snake:1 (:   Snake:2 }}=

Portals:
Trove: D:11 (give +4 fire dragon scales)

Annotations:
D:13 exclusion: orange crystal statue
Lair:2 exclusion: oklob plant


Innate Abilities, Weirdness & Mutations

You cannot wear boots.
Your serpentine skin is tough. (AC +5)
You have supernaturally acute eyesight. (SInv)
Armour fits poorly on your strangely shaped body.
Your system is resistant to poisons. (rPois)
You cover ground very slowly.
You have a slow metabolism.
You can spit poison.
You can use your snake-like lower body to constrict enemies.
You are frail. (-10% HP)
Your magical capacity is low. (-10% MP)


Message History

You block the merfolk's attack.
The merfolk hits you but does no damage.
The merfolk closely misses you. The water elemental closely misses you.
You hit the merfolk aquamancer.
The merfolk aquamancer is lightly wounded.
You hit the merfolk aquamancer. You hit the merfolk.
You hit the water elemental. You constrict the merfolk aquamancer!
The merfolk impaler hits you from afar with a trident of piercing!!
* * * LOW HITPOINT WARNING * * *
x2 The merfolk aquamancer misses you.
The merfolk aquamancer casts a spell at you.
You block the torrent of water.
The wave splashes down.
Splash!
You fall into the shallow water.
Moving in this stuff is going to be slow.
The merfolk hits you but does no damage.
You writhe in agony.
* * * LOW HITPOINT WARNING * * *
The merfolk impaler hits you from afar with a trident of piercing!!
You die...

≈≈≈≈≈≈≈≈≈≈≈≈≈≈≈≈
≈≈≈≈≈≈≈≈≈≈≈≈≈≈≈≈
≈≈≈≈≈≈≈≈≈≈≈≈≈≈..
≈≈≈≈≈≈≈≈≈≈≈≈≈...
≈≈≈≈≈≈≈≈....≈...
≈≈≈≈≈≈m≈.m......
≈≈≈≈≈≈≈≈).......
≈≈≈≈≈≈≈≈@m#
≈≈≈≈≈≈≈Emm#
≈≈≈≈≈≈..E≈m.....
≈≈≈≈≈≈≈..%.##...
≈≈≈≈≈≈≈≈...# .
≈≈≈≈≈≈≈≈≈.##
≈≈≈≈≈......
≈≈≈≈........
≈≈≈........


You could see a merfolk impaler, 2 merfolk aquamancers, 3 merfolk and 2 water
elementals.

Vanquished Creatures
  3 nagarajas
  The ghost of Neveragain the Severer, a journeyman MiFi of Trog (Orc:1)
  An orc warlord (Orc:2)
  The ghost of Inf1d3l the Blocker, a journeyman GrFi of Nemelex Xobeh (Shoals:1)
  A merfolk impaler (Shoals:2)
  A minotaur (Lab)
  A merfolk javelineer (Shoals:2)
  10 naga warriors
  An ice dragon (Lair:3)
  A merfolk avatar (Lair:6)
  4 anacondas
  4 hydras
  A death knight (D:12)
  2 two-headed ogres
  A merfolk aquamancer (Shoals:2)
  3 death yaks (Lair:6)
  3 orc high priests
  8 naga sharpshooters
  7 shock serpents
  A salamander mystic (Snake:3)
  An unseen horror (D:13)
  A death drake (shapeshifter) (D:13)
  5 sea snakes
  5 wizards (Volcano)
  A lindwurm (Lair:6)
  Pikel (D:6)
  3 naga ritualists
  2 orc knights
  6 harpies
  3 orc sorcerers (Orc:2)
  7 manticores
  3 ugly things
  5 mana vipers
  3 cyclopes
  5 fauns
  7 merfolk sirens
  Maurice (D:13)
  6 salamanders
  3 toenail golems (Volcano)
  14 elephants
  3 water nymphs
  Joseph (D:7)
  A torpor snail (Lair:2)
  32 black mambas
  6 naga magi
  A guardian serpent (Snake:2)
  A gargoyle (D:10)
  4 komodo dragons
  13 spiny frogs
  A rime drake (Lair:6)
  The ghost of dedward the Skirmisher, an amateur MiFi (D:5)
  A hornet (Lair:6)
  10 merfolk
  3 trolls
  7 polar bears (Lair:6)
  2 wind drakes
  3 slime creatures (Lair:5)
  Grinder (D:5)
  15 blink frogs
  A blink frog (shapeshifter) (D:13)
  A dream sheep (shapeshifter) (D:13)
  7 snapping turtles
  2 dream sheep (Shoals:1)
  15 hippogriffs
  2 shadows
  6 wyverns
  20 yaks
  Eustachio (D:5)
  A steam dragon (D:10)
  5 water elementals
  4 basilisks
  3 hungry ghosts
  A soldier ant (D:11)
  Edmund (D:4)
  4 wargs
  22 nagas
  An acid dragon (D:13)
  11 water moccasins
  Duvessa (D:5)
  5 porcupines
  4 slaves (D:6)
  An eye of draining (D:11)
  26 orc warriors
  4 sky beasts
  A black bear (D:8)
  2 phantoms
  A wolf (Lair:2)
  3 necrophages
  11 ogres
  8 centaurs
  20 crocodiles
  A big kobold (D:11)
  16 bullfrogs
  A wyvern zombie (D:6)
  A water moccasin zombie (D:7)
  Dowan (D:5)
  A wyvern skeleton (D:11)
  2 scorpions
  8 wights
  8 electric eels
  3 crimson imps
  2 centaur zombies
  2 bullfrog zombies
  11 orc priests
  5 hounds
  2 centaur skeletons
  A jelly (Lair:5)
  Crazy Yiuf (D:6)
  A gnoll shaman (Orc:1)
  A bullfrog skeleton (D:8)
  Terence (D:2)
  5 iguanas
  26 orc wizards
  12 worker ants
  A killer bee zombie (D:7)
  A hound zombie (D:7)
  3 hound skeletons
  2 worker ant zombies
  Robin (D:2)
  7 gnolls
  22 adders
  2 shadow imps
  3 worms
  3 dart slugs
  5 leopard geckos
  72 orcs
  7 giant cockroaches
  13 goblins
  11 hobgoblins
  6 jackals (D:4)
  7 kobolds
  2 quokkas
  3 ball pythons
  A ball python skeleton (D:4)
  8 bats
  4 frilled lizards
  A jackal skeleton (D:6)
  2 leopard gecko skeletons
  A quokka skeleton (D:8)
  A quokka zombie (D:5)
  4 rats
  2 bushes (Lair:6)
  2 fungi (Orc:2)
  3 plants
750 creatures vanquished.

Vanquished Creatures (others)
  5 fungi
  31 plants
36 creatures vanquished.

Grand Total: 786 creatures vanquished

Notes
Turn   | Place    | Note
-------+----------+-------------------------------------------
     0 | D:1      | Golfball the Naga Fighter began the quest for the Orb.
     0 | D:1      | Reached XP level 1. HP: 21/21 MP: 1/1
   294 | D:1      | Reached XP level 2. HP: 28/28 MP: 2/2
   372 | D:1      | Reached skill level 3 in Axes
   533 | D:1      | Reached XP level 3. HP: 11/34 MP: 3/3
   740 | D:2      | Noticed Robin
   867 | D:2      | Killed Robin
   867 | D:2      | Reached skill level 4 in Axes
  1197 | D:2      | Reached XP level 4. HP: 42/42 MP: 4/4
  1323 | D:2      | Found a glowing golden altar of the Shining One.
  1442 | D:2      | Noticed Terence
  1455 | D:2      | Killed Terence
  1455 | D:2      | Reached skill level 5 in Axes
  1455 | D:2      | Reached XP level 5. HP: 41/49 MP: 5/5
  2201 | D:3      | Reached skill level 6 in Axes
  2445 | D:3      | Reached XP level 6. HP: 56/56 MP: 6/6
  2485 | D:3      | Found a snail-covered altar of Cheibriados.
  2487 | D:3      | Became a worshipper of Cheibriados the Contemplative
  2582 | D:3      | Found a hide-covered altar of Uskayaw.
  2787 | D:3      | Found a blossoming altar of Fedhas.
  2916 | D:4      | Reached * piety under Cheibriados
  3016 | D:4      | Reached skill level 1 in Slings
  3108 | D:4      | Noticed Edmund
  3121 | D:4      | Killed Edmund
  3121 | D:4      | Reached XP level 7. HP: 58/64 MP: 7/7
  3271 | D:4      | Found a stormy altar of Qazlal.
  3271 | D:4      | Found a shattered altar of Ashenzari.
  3369 | D:4      | Learned a level 1 spell: Magic Dart
  3503 | D:4      | Reached ** piety under Cheibriados
  3713 | D:5      | Entered Level 5 of the Dungeon
  3744 | D:5      | Noticed dedward's ghost (amateur MiFi)
  3761 | D:5      | Killed dedward's ghost
  3761 | D:5      | Reached skill level 5 in Fighting
  3761 | D:5      | Reached XP level 8. HP: 53/75 MP: 4/8
  3935 | D:5      | Noticed Eustachio
  3965 | D:5      | Killed Eustachio
  4076 | D:5      | Found an ancient bone altar of Kikubaaqudgha.
  4105 | D:5      | Noticed Duvessa
  4107 | D:5      | Noticed Dowan
  4111 | D:5      | Killed Duvessa
  4111 | D:5      | Reached skill level 5 in Slings
  4117 | D:5      | Noticed Grinder
  4135 | D:5      | Paralysed by Grinder for 6 turns
  4151 | D:5      | Killed Grinder
  4159 | D:5      | Killed Dowan
  4159 | D:5      | Reached skill level 1 in Invocations
  4311 | D:5      | Found the +0 mace of Variability {chaos}
  4319 | D:5      | Found a staircase to the Ecumenical Temple.
  4663 | D:6      | Reached XP level 9. HP: 86/86 MP: 9/9
  4723 | D:6      | Reached *** piety under Cheibriados
  4785 | D:6      | Reached skill level 1 in Dodging
  4995 | D:6      | Found an iron altar of Okawaru.
  5054 | D:6      | Found a sparkling altar of Nemelex Xobeh.
  5101 | D:6      | Found a runed door.
  5106 | D:6      | Noticed Crazy Yiuf
  5113 | D:6      | Killed Crazy Yiuf
  5182 | D:6      | Noticed Pikel
  5395 | D:6      | Found a shadowy altar of Dithmenos.
  5535 | D:6      | Found a sacrificial altar of Ru.
  5557 | D:6      | Killed Pikel
  5557 | D:6      | Reached skill level 5 in Invocations
  5858 | D:7      | Got a warped robe
  5869 | D:7      | Identified the +0 robe "Xutza" {+Fly rF+ Str-3 Int+6} (You found it on level 7 of the Dungeon)
  5900 | D:7      | Reached **** piety under Cheibriados
  5924 | D:7      | Reached XP level 10. HP: 81/94 MP: 14/14
  6068 | D:7      | Learned a level 2 spell: Blink
  6201 | D:7      | Noticed Joseph
  6219 | D:7      | Killed Joseph
  6219 | D:7      | Reached skill level 5 in Dodging
  6435 | D:7      | Reached skill level 1 in Spellcasting
  6736 | D:8      | Found a bloodstained altar of Trog.
  6737 | D:8      | Noticed a two-headed ogre
  6755 | D:7      | Killed a two-headed ogre
  6943 | D:8      | Noticed a two-headed ogre
  6954 | D:8      | Killed a two-headed ogre
  7163 | D:8      | Found the +2 robe of Vines {NoPotionHeal Regen+7}
  7301 | D:8      | Found a staircase to the Lair.
  7374 | D:8      | Reached skill level 7 in Axes
  7519 | D:9      | Reached ***** piety under Cheibriados
  7525 | D:9      | Reached XP level 11. HP: 100/100 MP: 18/18
  7567 | D:9      | Found a burning altar of Makhleb.
  7574 | D:9      | Reached skill level 5 in Spellcasting
  7869 | D:9      | Found an iron altar of Okawaru.
  8081 | D:10     | Entered Level 10 of the Dungeon
  8117 | D:10     | Reached skill level 8 in Axes
  8146 | D:10     | Got an encrusted falchion
  8233 | D:10     | Reached skill level 1 in Evocations
  8560 | D:11     | Noticed a green ugly thing
  8652 | D:11     | Killed a green ugly thing
  8652 | D:11     | Reached skill level 9 in Axes
  8746 | D:11     | Learned a level 3 spell: Mephitic Cloud
  8774 | D:11     | Reached skill level 1 in Poison Magic
  8845 | D:11     | Got a steaming robe
  8856 | D:11     | Identified the +2 robe of the King of the Hill {+Inv MP+9 Str+3 SInv} (You found it on level 11 of the Dungeon)
  9216 | D:11     | Found a staircase to the Orcish Mines.
  9321 | D:11     | Found a portal to a secret trove of treasure.
  9555 | Lair:1   | Entered Level 1 of the Lair of Beasts
  9749 | Lair:1   | Found a labyrinth entrance.
  9762 | Lab      | Entered a labyrinth
  9839 | Lab      | Noticed a minotaur
  9853 | Lab      | Killed a minotaur
  9913 | Lab      | Learned a level 1 spell: Sting
 10136 | Lair:1   | Reached XP level 12. HP: 90/109 MP: 21/21
 10353 | Lair:1   | Reached skill level 5 in Evocations
 10700 | Lair:2   | Reached skill level 1 in Conjurations
 10939 | Lair:2   | Reached skill level 10 in Axes
 11570 | Lair:2   | Noticed a seven-headed hydra
 11585 | Lair:2   | Killed a seven-headed hydra
 11832 | Lair:2   | Reached skill level 1 in Air Magic
 11838 | Lair:2   | Reached ****** piety under Cheibriados
 12181 | Lair:2   | Found a staircase to the Shoals.
 12492 | Lair:3   | Noticed a four-headed hydra
 12497 | Lair:3   | Killed a four-headed hydra
 12589 | Lair:3   | Identified a scroll of acquirement
 12643 | Lair:3   | You fall through a shaft!
 12713 | Lair:3   | Found a dark tunnel.
 12732 | Volcano  | Entered a volcano
 12775 | Volcano  | Gained mutation: You can use your snake-like lower body to constrict enemies. [Naga growth]
 12775 | Volcano  | Reached XP level 13. HP: 106/118 MP: 22/22
 12812 | Volcano  | Reached skill level 5 in Armour
 12812 | Volcano  | Reached skill level 1 in Translocations
 13550 | Lair:3   | Noticed an ice dragon
 13564 | Lair:3   | Killed an ice dragon
 13837 | Lair:4   | Found a staircase to the Snake Pit.
 14346 | Lair:4   | Reached skill level 10 in Fighting
 14346 | Lair:4   | Reached skill level 11 in Axes
 14944 | Lair:5   | Reached skill level 1 in Stealth
 14955 | Lair:5   | Found a staircase to the Slime Pits.
 15367 | Lair:6   | Entered Level 6 of the Lair of Beasts
 15498 | Lair:6   | HP: 6/124 [komodo dragon (13)]
 15560 | Lair:6   | Reached XP level 14. HP: 133/133 MP: 19/23
 15581 | Lair:6   | Reached skill level 5 in Stealth
 15748 | Lair:6   | Found the +18 shield of the Gong {rElec rN+ MR+ EV-5}
 15800 | Lair:6   | Reached skill level 12 in Axes
 15916 | Lair:6   | Learned a level 3 spell: Static Discharge
 16168 | Lair:6   | Learned a level 8 spell: Controlled Blink
 17072 | D:12     | Found an iron altar of Okawaru.
 17459 | Orc:1    | Entered Level 1 of the Orcish Mines
 17582 | Orc:2    | Entered Level 2 of the Orcish Mines
 17582 | Orc:2    | Found a staircase to the Elven Halls.
 17611 | Orc:2    | Found Qoudenk's Jewellery Emporium.
 17646 | Orc:2    | Found Diludupa's Antique Armour Shop.
 17703 | Orc:1    | Found a roughly hewn altar of Beogh.
 17703 | Orc:1    | Noticed Neveragain's ghost (journeyman MiFi)
 17728 | Orc:1    | Killed Neveragain's ghost
 17934 | Orc:2    | Found Yshaic's Antique Weapon Shoppe.
 17934 | Orc:2    | Noticed an orc warlord
 18007 | Orc:2    | Killed an orc warlord
 18007 | Orc:2    | Reached skill level 13 in Axes
 18184 | Orc:2    | Reached skill level 5 in Shields
 18266 | Orc:2    | Found Eris Heb's General Store.
 18284 | Orc:2    | Bought a potion of might for 44 gold pieces
 19031 | D:13     | Reached XP level 15. HP: 95/137 MP: 24/24
 19036 | D:13     | Reached skill level 10 in Stealth
 19056 | D:13     | Found a gate to the Vaults.
 19081 | D:13     | Noticed Maurice
 19261 | D:13     | Killed Maurice
 19824 | Snake:1  | Entered Level 1 of the Snake Pit
 19864 | Snake:1  | Gained mutation: Your magical capacity is low. (-10% MP) [mutagenic glow]
 19876 | Snake:1  | Gained mutation: You are frail. (-10% HP) [mutagenic glow]
 20371 | Snake:1  | Found an iron altar of Okawaru.
 20526 | Snake:1  | Got an ichor-stained hand axe
 20560 | Snake:1  | Identified the +3 hand axe "Zobionni" {freeze, Int+5} (You found it on level 1 of the Snake Pit)
 20580 | Snake:1  | Found Juuqupn's Antique Weapon Shop.
 20582 | Snake:1  | Found Tynkuhea's Book Shop.
 20584 | Snake:1  | Found Souman's Gadget Shop.
 20585 | Snake:1  | Found Fasusav's Armour Shop.
 21070 | Snake:2  | HP: 5/126 [naga warrior/flail (9)]
 21190 | Snake:2  | Noticed a nagaraja
 21203 | Snake:2  | Killed a nagaraja
 21203 | Snake:2  | Reached skill level 14 in Axes
 21730 | Snake:2  | Noticed a nagaraja
 21742 | Snake:2  | Killed a nagaraja
 21823 | Snake:2  | Found Soirar's Jewellery Emporium.
 21824 | Snake:2  | Found Fajaurph's Gadget Shop.
 21824 | Snake:2  | Found Qeopneho's Gadget Shop.
 21830 | Snake:2  | Bought a wand of acid (12) for 544 gold pieces
 21830 | Snake:2  | Bought a box of beasts for 340 gold pieces
 21830 | Snake:2  | Bought a wand of scattershot (4) for 408 gold pieces
 21830 | Snake:2  | Bought a wand of scattershot (5) for 459 gold pieces
 22119 | Snake:2  | Got a translucent leather armour
 22120 | Snake:2  | Identified the cursed +0 leather armour "Kaxuog" {rElec rC++ MR- Stlth+} (You found it on level 2 of the Snake Pit)
 22466 | Snake:3  | Noticed a nagaraja
 22474 | Snake:3  | Reached XP level 16. HP: 134/135 MP: 24/26
 22578 | Snake:3  | Reached skill level 15 in Axes
 22583 | Snake:3  | Noticed a nagaraja
 22590 | Snake:3  | Killed a nagaraja
 22633 | Snake:3  | Reached skill level 10 in Spellcasting
 23188 | Snake:3  | Reached skill level 5 in Translocations
 23843 | Shoals:1 | Entered Level 1 of the Shoals
 23984 | Shoals:1 | Noticed Inf1d3l's ghost (journeyman GrFi)
 24007 | Shoals:1 | Killed Inf1d3l's ghost
 24629 | Shoals:2 | Reached skill level 16 in Axes
 24836 | Shoals:2 | Found a shattered altar of Ashenzari.
 25297 | Shoals:2 | Found Onturch's Antique Weapon Shoppe.
 25474 | Shoals:3 | Slain by a merfolk impaler

Skill      XL: |  1  2  3  4  5  6  7  8  9 10 11 12 13 14 15 16 |
---------------+-------------------------------------------------+-----
Axes           | 3 4 5 6 7 9 10 11 13 14 16 | 16.0
Slings         | 2 3 5 6 |  6.0
Fighting       | 4 5 7 8 10 11 | 11.0
Invocations    | 1 6 7 |  7.1
Dodging        | 4 6 |  6.3
Spellcasting   | 4 6 9 10 | 10.0
Evocations     | 4 6 |  6.0
Poison Magic   | 4 |  4.0
Conjurations   | 4 |  4.0
Armour         | 4 6 |  6.0
Air Magic      | 4 |  4.1
Translocations | 4 8 |  8.0
Stealth        | 4 9 10 | 10.0
Shields        | 5 6 |  6.8

Action                   |  1- 3 |  4- 6 |  7- 9 | 10-12 | 13-15 | 16-18 || total
-------------------------+-------+-------+-------+-------+-------+-------++-------
Melee: War axe           |    66 |   133 |   239 |   639 |   492 |       ||  1569
       Morningstar       |       |       |       |     9 |     6 |       ||    15
       Constrict         |       |       |       |       |   159 |    44 ||   203
       Broad axe         |       |       |       |       |   252 |   182 ||   434
 Fire: Hunting sling     |     6 |    58 |   110 |   176 |    28 |       ||   378
       Fustibalus        |       |       |       |       |   166 |   207 ||   373
Throw: Stone             |       |     1 |       |       |       |     5 ||     6
 Cast: Blink             |       |       |       |       |     1 |       ||     1
       Magic Dart        |       |       |       |       |       |     1 ||     1
       Sting             |       |       |       |       |       |     1 ||     1
Invok: Bend Time         |       |       |     4 |    11 |     1 |       ||    16
       Temporal Distorti |       |       |       |     2 |     2 |       ||     4
       Slouch            |       |       |       |     1 |     3 |     1 ||     5
       Step From Time    |       |       |       |       |     3 |       ||     3
 Abil: Spit Poison       |    12 |    34 |    27 |    53 |    32 |     5 ||   163
Evoke: Wand              |       |       |       |       |     1 |       ||     1
  Use: Scroll            |       |     5 |     6 |    17 |    15 |     5 ||    48
       Potion            |       |       |     2 |       |     1 |       ||     3
 Stab: Sleeping          |       |       |       |       |    14 |     6 ||    20
       Distracted        |       |       |       |       |     2 |       ||     2
  Eat: Chunk             |     1 |     7 |     7 |    14 |     8 |     4 ||    41
       Ration            |       |       |       |     4 |     6 |     2 ||    12
Armor: Scale mail        |    25 |       |       |       |       |       ||    25
       Animal skin       |     5 |    69 |    77 |    25 |       |       ||   176
       Robe              |       |       |       |    61 |   232 |    93 ||   386
       Plate armour      |       |       |       |   130 |    54 |       ||   184
Dodge: Dodged            |    27 |    47 |    71 |   341 |   379 |   138 ||  1003
Block: Shield            |    51 |    67 |   116 |   466 |   540 |   165 ||  1405
